 Dungeon Crawl Stone Soup version 0.31.0-9-g3a7656b989 (webtiles) character file.

Game seed: 16126243407758188253

1486 qw the Skirmisher (level 8, -3/40 HPs)
             Began as a Spriggan Hunter on Feb 2, 2024.
             Killed by divine providence
             ... invoked by an orc priest
              (9 damage)
             ... on level 6 of the Dungeon.
             The game lasted 00:00:19 (4708 turns).

qw the Skirmisher (Spriggan Hunter)                 Turns: 4708, Time: 00:00:19

Health: -3/40      AC:  6    Str:  7    XL:     8   Next: 50%
Magic:  9/9        EV: 23    Int: 11    God:
Gold:   418        SH:  0    Dex: 20    Spells: 7/7 levels left

rFire   . . .        a - +0 shortbow
rCold   . . .        (shield currently unavailable)
rNeg    . . .        c - +0 robe
rPois   .            (helmet restricted)
rElec   .            (no cloak)
rCorr   .            (gloves unavailable)
SInv    +            (boots unavailable)
Will    +....        i - amulet of the acrobat
Stlth   ++           k - +4 ring of protection
HPRegen 0.26/turn    (no ring)
MPRegen 0.11/turn

%: acrobat
@: about to teleport, very quick
A: very small, no large weapons, unfitting armour, see invisible, speed 3
a: no special abilities


You were on level 6 of the Dungeon.
You visited 1 branch of the dungeon, and saw 6 of its levels.

You collected 418 gold pieces.


Innate Abilities, Weirdness & Mutations

You are very small and have problems with some larger weapons.
You are too small for most types of armour.
You have supernaturally acute eyesight. (SInv)
You cover ground extremely quickly. (Speed+++)


   Skills:
 - Level 3.0 Fighting
 - Level 9.2 Ranged Weapons
 + Level 8.1 Dodging
 - Level 1.5 Stealth


You had 7 spell levels left.
You didn't know any spells.
Your spell library was empty.

Inventory:

Hand Weapons
 a - a +0 shortbow (weapon)
Armour
 c - a +0 robe (worn)
Jewellery
 i - an amulet of the acrobat (around neck)
 k - a +4 ring of protection (left hand)
Wands
 h - a wand of roots (4)
Scrolls
 e - 3 scrolls of teleportation
 j - a scroll of enchant armour
Potions
 b - 2 potions of curing
 d - a potion of cancellation {unknown}
 f - 2 potions of degeneration {unknown}
 g - 2 potions of heal wounds
 m - a potion of ambrosia {unknown}

Dungeon Overview and Level Annotations

Branches:
Dungeon (6/15)
 Temple: D:4-7

Altars:


Message History

You shoot an arrow. The arrow hits the water moccasin.
The water moccasin is moderately wounded.
The water moccasin bites you but does no damage.
The water moccasin completely misses you.
You shoot an arrow. The arrow hits the water moccasin!
The water moccasin is almost dead.
The water moccasin misses you.
You shoot an arrow.
The arrow closely misses the water moccasin.
The arrow barely misses the orc.
The water moccasin misses you.
You shoot an arrow.
The arrow barely misses the water moccasin.
The arrow hits the orc!
You kill the orc!
The water moccasin closely misses you. The water moccasin misses you.
You shoot an arrow.
The arrow closely misses the water moccasin.
The arrow closely misses the orc priest.
The water moccasin completely misses you.
You shoot an arrow.
The arrow barely misses the water moccasin.
The arrow barely misses the orc priest.
The water moccasin closely misses you.
The orc priest miscasts a cantrip.
You shoot an arrow.
The arrow hits the water moccasin but does no damage.
The water moccasin is almost dead.
The water moccasin misses you. x2
You shoot an arrow. The arrow hits the water moccasin.
You kill the water moccasin!
The orc priest invokes the aid of Beogh against you.
Beogh smites you!
Your Ranged Weapons skill increases to level 9!
4708 ||| READING 4 scrolls of teleportation.
As you read the scroll of teleportation, it crumbles to dust.
You feel strangely unstable.
The orc priest mumbles some strange prayers to Beogh against you.
Beogh smites you!
You die...

....... .......
####... .. ###
.O.# ..# .S..o##.#
# #)...o# # #)# #
##@# # #..# # ..#
#..# # #.# #..# #
#.# #..# #.# #..#
#.# #..#
#########.# #..#
..........#####<.#


You could see an orc priest.

Vanquished Creatures
  2 water moccasins (D:6)
  An orc warrior (D:6)
  An ogre (D:6)
  A phantom (D:4)
  A scorpion (D:6)
  A gnoll sergeant (D:6)
  4 wights (D:4)
  A howler monkey (D:4)
  3 bombardier beetles
  3 jellies
  5 hounds
  2 iguanas
  An orc wizard (D:4)
  2 gnolls (D:6)
  9 adders
  A dart slug (D:3)
  A ribbon worm (D:5)
  15 orcs
  10 ball pythons
  13 bats
  10 endoplasms
  5 giant cockroaches
  8 goblins
  8 hobgoblins
  13 jackals
  8 kobolds
  5 quokkas
  4 frilled lizards
  8 rats
146 creatures vanquished.

Notes
Turn   | Place    | Note
-------+----------+-------------------------------------------
     0 | D:1      | qw the Spriggan Hunter began the quest for the Orb.
     0 | D:1      | Reached XP level 1. HP: 10/10 MP: 2/2
     0 | D:1      | 0 ||| qw: Version: 0.3-a-155-g5e7d8dd
     0 | D:1      | 0 ||| qw: Game counter: 766
     0 | D:1      | 0 ||| qw: Melee chars always use a shield: true
     0 | D:1      | 0 ||| qw: God list: Okawaru
     0 | D:1      | 0 ||| qw: Allow faded altars: false
     0 | D:1      | 0 ||| qw: Do Orc after clearing Dungeon:15 true
     0 | D:1      | 0 ||| qw: Do second Lair branch before Depths: true
     0 | D:1      | 0 ||| qw: Lair rune preference: random
     0 | D:1      | 0 ||| qw: Goals: Normal
     0 | D:1      | 0 ||| PLANNING D:1-11
    75 | D:1      | Reached skill level 3 in Dodging
   145 | D:1      | Found a faded altar of an unknown god.
   187 | D:1      | Reached XP level 2. HP: 14/14 MP: 3/3
   466 | D:1      | Reached XP level 3. HP: 18/18 MP: 4/4
   760 | D:1      | 760 ||| UPGRADING to +4 ring of protection.
   761 | D:1      | 761 ||| READING scroll labelled MILOYCE OLEDUICLI.
   862 | D:1      | 862 ||| READING 2 scrolls labelled HONOEMU OFFE.
   865 | D:1      | 865 ||| READING scroll labelled VAUPRO CEIXOC.
   865 | D:1      | 865 ||| IDENTIFYING metallic yellow potion
   866 | D:1      | 866 ||| READING 2 scrolls labelled NIAMEM DEUSIDGH.
   866 | D:1      | 866 ||| ENCHANTING +0 shortbow.
   867 | D:1      | 867 ||| DRINKING 2 fuming green potions.
   868 | D:1      | 868 ||| DROPPING scroll of butterflies.
   869 | D:1      | 869 ||| DROPPING potion of attraction.
  1150 | D:2      | Reached skill level 5 in Ranged Weapons
  1230 | D:2      | Reached XP level 4. HP: 8/22 MP: 5/5
  1231 | D:2      | HP: 5/22 [poisoned by an adder]
  1235 | D:2      | HP: 2/22 [poisoned by an adder]
  1739 | D:2      | 1739 ||| READING scroll of identify.
  1739 | D:2      | 1739 ||| IDENTIFYING clear potion
  1740 | D:2      | 1740 ||| READING 2 scrolls labelled WINAJU QITUTH.
  1741 | D:2      | 1741 ||| DROPPING scroll of fear.
  1742 | D:2      | 1742 ||| DROPPING potion of berserk rage.
  1964 | D:3      | Reached XP level 5. HP: 26/26 MP: 6/6
  2329 | D:3      | 2329 ||| READING scroll of identify.
  2329 | D:3      | 2329 ||| IDENTIFYING metallic blue potion
  2330 | D:3      | 2330 ||| READING scroll labelled IKIUTA OCAEWI.
  2331 | D:3      | 2331 ||| READING scroll labelled SEKOXKAIDGH.
  2332 | D:3      | 2332 ||| DROPPING potion of lignification.
  2378 | D:4      | Noticed a phantom
  2393 | D:4      | Killed a phantom
  2394 | D:4      | Reached skill level 6 in Ranged Weapons
  2395 | D:4      | Reached XP level 6. HP: 25/30 MP: 7/7
  2530 | D:4      | Reached skill level 6 in Dodging
  2975 | D:4      | Reached skill level 7 in Ranged Weapons
  2975 | D:4      | Reached XP level 7. HP: 33/35 MP: 8/8
  3209 | D:4      | 3209 ||| READING scroll labelled FEAFIRA LUCAN.
  3310 | D:4      | 3310 ||| DRINKING 2 amethyst potions.
  3339 | D:5      | Entered Level 5 of the Dungeon
  3736 | D:5      | Reached skill level 8 in Ranged Weapons
  3954 | D:5      | 3954 ||| UPGRADING to amulet of the acrobat.
  3959 | D:5      | 3959 ||| READING scroll labelled POHEWIGASO.
  4213 | D:6      | Reached skill level 3 in Fighting
  4223 | D:6      | Reached XP level 8. HP: 35/40 MP: 9/9
  4279 | D:6      | HP: 9/40 [gnoll/+0 spear[a gnoll sergeant] (7)]
  4280 | D:6      | 4280 ||| READING 5 scrolls of teleportation.
  4281 | D:6      | 4281 ||| DRINKING 3 potions of heal wounds.
  4677 | D:6      | 4677 ||| RETREEEEATING.
  4707 | D:6      | HP: 5/40 [orc priest/divine providence (14)]
  4708 | D:6      | Reached skill level 9 in Ranged Weapons
  4708 | D:6      | 4708 ||| READING 4 scrolls of teleportation.
  4708 | D:6      | Killed from afar by an orc priest

Levels and vault maps discovered:
D:1:      heliophobic_arrival_glass_houses, layout_loops_ring,
          nicolae_ecumenical_lake_church, minmay_split_cup_small
D:2:      layout_loops_cross, nrook_mini_backslash, minmay_joined_circles
D:3:      layout_loops_cross
D:4:      layout_cave_pods
D:5:      layout_basic
D:6:      layout_loops_ring, kennysheep_generic_room_16

Skill      XL: |  1  2  3  4  5  6  7  8 |
---------------+-------------------------+-----
Dodging        | 3 4 5 6 7 8 |  8.1
Ranged Weapons | 5 6 7 8 9 |  9.2
Fighting       | 2 3 |  3.0
Stealth        | |  1.5

Action                     |  1- 3 |  4- 6 |  7- 9 || total
---------------------------+-------+-------+-------++-------
   Fire: Shortbow          |   135 |   204 |   200 ||   539
    Use: Scroll            |     4 |     5 |     4 ||    13
         Potion            |     1 |       |     2 ||     3
 Armour: Robe              |    17 |    30 |    20 ||    67
  Dodge: Dodged            |    31 |    96 |   100 ||   227

Table legend:
 A = Non-vault XP
 B = Vault XP
 C = Vault XP percentage of total XP
 D = Non-vault monster count
 E = Vault monster count
 F = Vault count percentage of total count
                 A         B        C        D         E       F
            +---------+---------+-------+---------+---------+-------
      Total |    2100 |      23 |   1.1 |     133 |      13 |   8.9
            +---------+---------+-------+---------+---------+-------
        D:1 |      42 |       6 |  12.5 |      28 |       3 |   9.7
        D:2 |     101 |      17 |  14.4 |      31 |      10 |  24.4
        D:3 |      83 |       0 |   0.0 |      27 |       0 |   0.0
        D:4 |     642 |       0 |   0.0 |      17 |       0 |   0.0
        D:5 |     290 |       0 |   0.0 |      14 |       0 |   0.0
        D:6 |     942 |       0 |   0.0 |      16 |       0 |   0.0
            +---------+---------+-------+---------+---------+-------
